 Dungeon Crawl Stone Soup version 0.21.1-1-g345015fe64 (webtiles) character file.

257 Fascinator the Ruffian (level 5, -4/52 HPs)
             Began as a Troll Monk on July 27, 2018.
             Slain by Menkaure (13 damage)
             ... on level 4 of the Dungeon.
             The game lasted 00:04:51 (2211 turns).

Fascinator the Ruffian (Troll Monk)                 Turns: 2211, Time: 00:04:52

Health: -4/52      AC:  5    Str: 20    XL:     5   Next: 93%
Magic:  4/4        EV: 11    Int:  6    God:
Gold:   106        SH:  0    Dex: 12    Spells: 4/4 levels left

rFire    . . .     SeeInvis .     - Unarmed
rCold    . . .     Gourm    +   (no shield)
rNeg     . . .     Faith    .   a - +0 robe
rPois    .         Spirit   .   (helmet restricted)
rElec    .         Reflect  .   (no cloak)
rCorr    .         Harm     .   (gloves unavailable)
MR       .....                  (boots unavailable)
Stlth    ++........             (no amulet)
HPRegen  0.57/turn              (no ring)
MPRegen  0.09/turn              (no ring)

@: no status effects
A: large, unfitting armour, claws 3, fast metabolism 3, gourmand, regeneration
1, shaggy fur 1, tough skin 2
a: no special abilities


You were on level 4 of the Dungeon.
You were full.

You visited 1 branch of the dungeon, and saw 4 of its levels.

You collected 106 gold pieces.

Inventory:

Armour
 a - a +0 robe (worn)
Scrolls
 c - 4 scrolls of identify {unknown}
 d - 2 scrolls of teleportation {unknown}
 e - 2 scrolls of noise {unknown}
 h - a scroll of fog {unknown}
 i - a scroll of enchant weapon {unknown}
 j - a scroll of enchant armour {unknown}
 k - 2 scrolls of remove curse {unknown}
 m - 2 scrolls of random uselessness {unknown}
 n - a scroll of blinking {unknown}
 o - a scroll of magic mapping {unknown}
 p - a scroll of fear {unknown}
 r - a scroll of immolation {unknown}
Potions
 f - 3 potions of curing {unknown}
 g - a potion of flight {unknown}
 l - a potion of haste {unknown}
 q - a potion of agility {unknown}
 s - a potion of resistance {unknown}
Comestibles
 b - 6 rations


   Skills:
 + Level 2.9 Fighting
 + Level 3.1 Dodging
 - Level 1.0 Stealth
 * Level 5.9 Unarmed Combat


You had 4 spell levels left.
You didn't know any spells.

Dungeon Overview and Level Annotations

Branches:
Dungeon (4/15)
 Temple: D:4-7

Altars:
Dithmenos
Hepliaklqana
Nemelex Xobeh
Sif Muna
Wu Jian

Annotations:
D:3 1 exclusion
D:4 Menkaure


Innate Abilities, Weirdness & Mutations

You are too large for most types of armour.
You have claws for hands.
Your metabolism is lightning-fast.
You like to eat raw meat.
Your natural rate of healing is unusually fast.
You are covered in fur. (AC +1)
You have very tough skin. (AC +2)


Message History

You scratch the iguana.
You kill the iguana!
Menkaure, Prince of Dust comes into view.
Menkaure shouts!
Menkaure gestures wildly while chanting.
Menkaure seems to speed up.
Found a scroll labeled NEATYTHR TEUSI.
There is an open door, spattered with blood here.
Menkaure calls on the powers of darkness!
Your body is wracked with pain!
You are too injured to fight recklessly!
Menkaure calls on the powers of darkness!
Your body is wracked with pain!
* * * LOW HITPOINT WARNING * * *
You barely miss Menkaure.
Menkaure calls on the powers of darkness!
Your body is wracked with pain!
* * * LOW HITPOINT WARNING * * *
You closely miss Menkaure. Menkaure hits you!
You die...

# #. #.####### #.......
#../.$.######### .
#..??..'.......#
...#......#######.#
#.........# #.#
....>..@..# #.#
#..#...M..#######.# .#
#......?..##......# .#
##..#.#+####.######
######.# ##.#.#....#.####
<).....#####.#.#.........#
)).........#....#^...#####
...........+........##
...........##......##


You could see Menkaure.

Vanquished Creatures
  An ogre (D:4)
  An iguana (D:4)
  An orc wizard (D:4)
  A worker ant (D:4)
  3 adders
  An ooze (D:3)
  2 worms
  2 dart slugs (D:2)
  2 leopard geckos (D:3)
  3 orcs
  2 giant cockroaches
  6 goblins
  9 hobgoblins
  2 jackals (D:3)
  2 quokkas
  A ball python (D:3)
  4 bats
  4 frilled lizards
  5 kobolds
  6 rats
58 creatures vanquished.

Notes
Turn   | Place    | Note
-------+----------+-------------------------------------------
     0 | D:1      | Fascinator the Troll Monk began the quest for the Orb.
     0 | D:1      | Reached XP level 1. HP: 22/22 MP: 0/0
   197 | D:1      | Reached XP level 2. HP: 28/29 MP: 1/1
   583 | D:2      | Found a hazy altar of Hepliaklqana.
   588 | D:2      | Found a shadowy altar of Dithmenos.
   588 | D:2      | Found an ornate altar of the Wu Jian Council.
   594 | D:2      | Reached XP level 3. HP: 32/36 MP: 2/2
   858 | D:2      | Reached skill level 4 in Unarmed Combat
   950 | D:2      | Found a sparkling altar of Nemelex Xobeh.
  1474 | D:3      | Reached XP level 4. HP: 44/44 MP: 3/3
  1612 | D:3      | Found a deep blue altar of Sif Muna.
  2113 | D:4      | Noticed an ogre
  2123 | D:4      | Killed an ogre
  2123 | D:4      | Reached skill level 5 in Unarmed Combat
  2123 | D:4      | Reached XP level 5. HP: 52/52 MP: 4/4
  2206 | D:4      | Noticed Menkaure
  2211 | D:4      | Slain by Menkaure

Skill      XL: |  1  2  3  4 |
---------------+-------------+-----
Unarmed Combat | 4 5 |  5.9
Dodging        | 3 |  3.1
Fighting       | |  2.9
Stealth        | |  1.0

Action                   |  1- 3 |  4- 6 || total
-------------------------+-------+-------++-------
Melee: Unarmed           |    94 |    58 ||   152
       Punch             |     1 |     2 ||     3
 Stab: Sleeping          |     1 |     2 ||     3
  Eat: Chunk             |    12 |    11 ||    23
Armor: Robe              |    21 |    16 ||    37
Dodge: Dodged            |    45 |    31 ||    76
